 Dungeon Crawl Stone Soup version 0.21-a0-414-gba8bdf1 (webtiles) character file.

24 trolface1997 the Grave Robber (level 2, -6/19 HPs)
             Began as a Vampire Necromancer on Nov 2, 2017.
             Killed by nerve-wracking pain
             ... invoked by a shadow imp
              (14 damage)
             ... on level 2 of the Dungeon.
             The game lasted 00:13:20 (1620 turns).

trolface1997 the Grave Robber (Vampire Necromancer) Turns: 1620, Time: 00:13:21

Health: -6/19      AC:  6    Str:  7    XL:     2   Next: 79%
Magic:  5/5        EV:  8    Int: 17    God:
Gold:   97         SH:  0    Dex: 14    Spells: 3/5 levels left

rFire    . . .     SeeInvis +   k - +0 spear
rCold    . . .     Gourm    .   (no shield)
rNeg     . . .     Faith    .   e - +0 scale mail
rPois    .         Spirit   .   (no helmet)
rElec    .         Reflect  .   (no cloak)
rCorr    .         Harm     .   (no gloves)
MR       .....                  (no boots)
Stlth    +.........             (no amulet)
HPRegen  0.26/turn              (no ring)
MPRegen  0.09/turn              (no ring)

@: regenerating quickly
A: fangs 3, see invisible, unbreathing
a: no special abilities


You were on level 2 of the Dungeon.
You were very full.

You visited 1 branch of the dungeon, and saw 3 of its levels.

You collected 97 gold pieces.

Inventory:

Hand Weapons
 f - a +0 whip
 h - a +0 spear
 k - a +0 spear (weapon)
Armour
 a - a +0 robe
 d - a +0 chain mail
 e - a +0 scale mail (worn)
 j - a +0 ring mail
Scrolls
 l - a scroll of identify {unknown}
Potions
 c - a potion of blood
 g - 2 potions of curing {unknown}
 i - a potion of lignification {unknown}
Books
 b - a book of Necromancy

   Spells                             Type                      Level
   a - Pain                           Necromancy                   1
   b - Animate Skeleton               Necromancy                   1
   c - Vampiric Draining              Necromancy                   3
   d - Regeneration                   Charms/Necromancy            3
   e - Animate Dead                   Necromancy                   4
   f - Control Undead                 Necromancy                   4


   Skills:
 * Level 1.6 Armour
 - Level 2.1 Dodging
 - Level 3.0 Stealth
 - Level 2.0 Spellcasting
 + Level 4.7 Necromancy


You had 3 spell levels left.
You knew the following spells:

 Your Spells              Type           Power        Failure   Level  Hunger
a - Pain                  Necr           ###.         34%         1    #......
b - Animate Skeleton      Necr           N/A          34%         1    #......


Dungeon Overview and Level Annotations

Branches:
Dungeon (3/15)

Altars:
Ashenzari


Innate Abilities, Weirdness & Mutations

Your natural rate of healing is unusually fast.
You have razor-sharp teeth.
You have supernaturally acute eyesight. (SInv)
You can survive without breathing.


Message History

You bite the shadow imp.
The shadow imp is moderately wounded.
The shadow imp hits you but does no damage.
You hit the shadow imp.
The shadow imp is heavily wounded.
The shadow imp gestures at you. Pain shoots through your body!
You hit the shadow imp but do no damage.
Your bite misses the shadow imp.
The shadow imp is heavily wounded.
The shadow imp hits you but does no damage.
You barely miss the shadow imp.
The shadow imp is heavily wounded.
The shadow imp hits you.
You closely miss the shadow imp.
The shadow imp is heavily wounded.
The shadow imp gestures at you. Pain shoots through your body!
Ouch! That really hurt!
You die...

#.......#......##K#..
#.#.....#.......#####
#.......#.......#...#
##.#...#.########._.#
#..###.##...... .!+
#.#...###...[.# ###
#.##### .....##..#.##
#.######....##...#..##
#....@5....##....#...#
#..####.#.##.....#....
#..# #.###......#%...
#..# #.##.......#....
#...###.##.......#.#..
##...##.#..........##.
........'.............
##......#...[.....#...
##.######.......##.#.


You could see a shadow imp.

Vanquished Creatures
  4 goblins (D:1)
  5 hobgoblins
  4 jackals (D:1)
  A bat (D:1)
  2 kobolds (D:1)
  4 rats (D:1)
20 creatures vanquished.

Vanquished Creatures (collateral kills)
  A goblin (D:1)
1 creature vanquished.

Grand Total: 21 creatures vanquished

Notes
Turn   | Place    | Note
-------+----------+-------------------------------------------
     0 | D:1      | trolface1997 the Vampire Necromancer began the quest for the Orb.
     0 | D:1      | Reached XP level 1. HP: 13/13 MP: 3/3
    91 | D:1      | Learned a level 1 spell: Animate Skeleton
   495 | D:1      | Reached skill level 1 in Armour
   495 | D:1      | Reached XP level 2. HP: 19/19 MP: 3/5
  1555 | D:2      | Found a shattered altar of Ashenzari.
  1620 | D:2      | Killed from afar by a shadow imp

Vault maps used:
D:1:      minmay_arrival_nine_rooms
D:2:      nicolae_ashenzari_panopticon, nicolae_overflow_crystal_walls,
          hangedman_decor_clover_reticule, uniq_sigmund
D:3:      marbit_many_paths, nicolae_qazlal_style_of_elements,
          cheibrodos_sewer_entry_drain

Skill      XL: |  1 |
---------------+----+-----
Armour         | 1 |  1.6
Dodging        | |  2.1
Stealth        | |  3.0
Spellcasting   | |  2.0
Necromancy     | |  4.7

Action                   || total
-------------------------++-------
Melee: Unarmed           ||    12
       Bite              ||     6
       Spear             ||    39
 Cast: Pain              ||    25
       Animate Skeleton  ||     6
  Use: Scroll            ||     2
  Eat: Corpse            ||    12
Armor: Chain mail        ||    12
       Robe              ||     7
       Scale mail        ||     3
Dodge: Dodged            ||    24

Table legend:
 A = Spawn XP
 B = Non-spawn XP
 C = Spawn XP percentage of total XP
 D = Spawn monster count
 E = Non-spawn monster count
 F = Spawn count percentage of total count
 G = Total turns spent on level
                    A         B        C        D         E        F      G
               +---------+---------+-------+---------+---------+-------+---------
         Total |       0 |      35 |   0.0 |       0 |      21 |   0.0 |  1620
               +---------+---------+-------+---------+---------+-------+---------
           D:1 |       0 |      33 |   0.0 |       0 |      20 |   0.0 |  1428
           D:2 |       0 |       2 |   0.0 |       0 |       1 |   0.0 |   148
               +---------+---------+-------+---------+---------+-------+---------
